[Event "13th Palmanova Festival A 2024"]
[Site "Palmanova"]
[Date "2024.12.28"]
[Round "2.9"]
[White "Stankovic, Milos"]
[Black "Dolas, Aarush"]
[Result "1/2-1/2"]
[ECO "D00"]
[WhiteElo "2462"]
[BlackElo "2015"]
[Annotator "RC"]
[PlyCount "61"]
[EventDate "2024.12.27"]
[EventCountry "ITA"]
[SourceTitle "playchess.com"]
[Source "ChessBase"]
[SourceQuality "1"]
[TimeControl "6000+30"]

1. d4 Nf6 2. Bg5 d5 3. Bxf6 exf6 4. e3 g6 5. c4 dxc4 6. Bxc4 Bg7 7. Nc3 O-O 8. Nge2 f5 9. h4 c5 10. dxc5 Nd7 11. h5 Nxc5 12. hxg6 hxg6 13. Nf4 Be6 14. Nxe6 Nxe6 15. Qb3 Nc5 16. Qc2 Rc8 17. g4 b5 18. Rd1 Qa5 19. Bd5 b4 20. gxf5 bxc3 21. b4 Qa4 22. Qxa4 Nxa4 23. fxg6 Rfd8 24. Bxf7+ Kf8 25. Rxd8+ Rxd8 26. Bb3 Nb2 27. Rh5 Rd6 28. Rb5 Rxg6 29. Rb8+ Ke7 30. Rb7+ Kd8 31. Ke2 1/2-1/2

[Event "13th Palmanova Festival A 2024"]
[Site "Palmanova"]
[Date "2024.12.28"]
[Round "2.10"]
[White "Gkoumas, Georgios"]
[Black "Candian, Lorenzo"]
[Result "1-0"]
[ECO "C70"]
[WhiteElo "2449"]
[BlackElo "2208"]
[Annotator "RC"]
[PlyCount "99"]
[EventDate "2024.12.27"]
[EventCountry "ITA"]
[SourceTitle "playchess.com"]
[Source "ChessBase"]
[SourceQuality "1"]
[TimeControl "6000+30"]

1. e4 e5 2. Nf3 Nc6 3. Bb5 a6 4. Ba4 g6 5. d4 b5 6. Bb3 exd4 7. a4 Bb7 8. O-O Bg7 9. axb5 axb5 10. Rxa8 Bxa8 11. Na3 Na5 12. Ba2 Qb8 13. Nxd4 b4 14. Nc4 Nxc4 15. Bxc4 Nf6 16. e5 Qb7 17. Nf3 Nd5 18. Qd4 O-O 19. Qg4 Nb6 20. Bd3 Na4 21. Re1 Nc5 22. Bc4 Re8 23. Rd1 Qc8 24. Be3 Ne6 25. h4 Bxf3 26. gxf3 Bxe5 27. f4 Bxb2 28. f5 Nf8 29. fxg6 hxg6 30. h5 d5 31. Qxc8 Rxc8 32. Rxd5 gxh5 33. Rg5+ Kh7 34. Bxf7 Rd8 35. Bg8+ Kh8 36. Bc4 Rd1+ 37. Kg2 Nd7 38. Rxh5+ Kg7 39. Rb5 c5 40. f4 Bd4 41. Be2 Re1 42. Bxd4+ cxd4 43. Kf2 Rc1 44. Rb7 Rxc2 45. Rxd7+ Kf6 46. Rxd4 b3 47. Ke3 b2 48. Rd6+ Ke7 49. Rb6 Kd7 50. Kd3 1-0

[Event "13th Palmanova Festival A 2024"]
[Site "Palmanova"]
[Date "2024.12.28"]
[Round "2.11"]
[White "Aarav A"]
[Black "Lumachi, Gabriele"]
[Result "0-1"]
[ECO "B08"]
[WhiteElo "2186"]
[BlackElo "2438"]
[Annotator "ChessBase"]
[PlyCount "142"]
[EventDate "2024.12.27"]
[EventCountry "ITA"]
[SourceTitle "playchess.com"]
[Source "ChessBase"]
[SourceQuality "1"]
[TimeControl "6000+30"]

1. e4 Nc6 2. Nf3 d6 3. d4 Nf6 4. Nc3 g6 5. Be2 Bg7 6. O-O O-O 7. h3 a6 8. a4 e6 9. d5 Nb4 10. a5 c5 11. dxc6 Nxc6 12. Be3 Qe7 13. Bb6 d5 14. exd5 exd5 15. Re1 Be6 16. Nd4 Qd6 17. Bf1 Nd7 18. Nxe6 fxe6 19. Be3 Rae8 20. Qd2 Qc7 21. Bg5 Kh8 22. Bh4 Be5 23. Nd1 Nc5 24. f3 Bh2+ 25. Kh1 Bg3 26. Bxg3 Qxg3 27. Ne3 Nd7 28. Ng4 Qf4 29. Qc3+ Qd4 30. Qb3 Qb4 31. Qxb4 Nxb4 32. Re2 h5 33. Nf2 Kg7 34. c3 Nc6 35. Rd2 Nf6 36. Nd3 e5 37. Nc5 Re7 38. b4 g5 39. b5 axb5 40. a6 bxa6 41. Rxa6 Rc8 42. Bxb5 Na7 43. Ne6+ Rxe6 44. Rxa7+ Kf8 45. Bd7 Re7 46. Bxc8 Rxa7 47. Re2 e4 48. Bf5 Ra4 49. fxe4 dxe4 50. Kh2 Ke7 51. h4 g4 52. Kg3 Kd6 53. Kf4 Nd5+ 54. Kg5 Ke5 55. Rxe4+ Rxe4 56. Bxe4 Kxe4 57. Kxh5 Kf5 58. Kh6 Nf4 59. g3 Ne2 60. c4 Nxg3 61. Kg7 Ne4 62. h5 g3 63. h6 Nf6 64. h7 Nxh7 65. c5 Nf6 66. c6 g2 67. c7 g1=Q+ 68. Kf7 Qg8+ 69. Ke7 Qe6+ 70. Kf8 Kg6 71. c8=Q Nh7# 0-1

[Event "13th Palmanova Festival A 2024"]
[Site "Palmanova"]
[Date "2024.12.28"]
[Round "2.12"]
[White "Di Benedetto, Edoardo"]
[Black "Zoncu, Roberto Alessio"]
[Result "1-0"]
[ECO "D05"]
[WhiteElo "2411"]
[BlackElo "2165"]
[Annotator "RC"]
[PlyCount "105"]
[EventDate "2024.12.27"]
[EventCountry "ITA"]
[SourceTitle "playchess.com"]
[Source "ChessBase"]
[SourceQuality "1"]
[TimeControl "6000+30"]

1. Nf3 Nf6 2. e3 e6 3. d4 b6 4. Bd3 Bb7 5. Nbd2 c5 6. O-O Be7 7. b3 O-O 8. Bb2 d5 9. Ne5 Nbd7 10. f4 cxd4 11. exd4 Ne4 12. Nxe4 dxe4 13. Bc4 Nf6 14. Qe2 Rc8 15. f5 exf5 16. Rxf5 Ba3 17. c3 Bxb2 18. Qxb2 Nd5 19. Raf1 Rc7 20. Ng4 Qh4 21. h3 Rd7 22. Bxd5 Rxd5 23. R5f4 Qe7 24. c4 Rg5 25. d5 Bc8 26. Qd4 h5 27. Rxe4 Qd6 28. Re5 Qg6 29. Rxg5 Qxg5 30. Qe3 Qxe3+ 31. Nxe3 Re8 32. Kf2 f5 33. Nc2 Kf7 34. Nd4 Bd7 35. Nf3 Kf6 36. h4 Rc8 37. Ke3 Re8+ 38. Kf2 Rc8 39. Re1 a5 40. Ke3 a4 41. Kd4 axb3 42. axb3 Ra8 43. b4 Ra4 44. Kc3 f4 45. Kb3 Ra7 46. c5 bxc5 47. bxc5 Ra5 48. c6 Rxd5 49. cxd7 Rxd7 50. Re4 Kf5 51. Re5+ Kf6 52. Rxh5 Re7 53. Kc3 1-0

[Event "13th Palmanova Festival A 2024"]
[Site "Palmanova"]
[Date "2024.12.28"]
[Round "2.13"]
[White "Belli, Giorgio"]
[Black "Marn, Jan"]
[Result "1/2-1/2"]
[ECO "C95"]
[WhiteElo "2205"]
[BlackElo "2400"]
[Annotator "RC"]
[PlyCount "97"]
[EventDate "2024.12.27"]
[EventCountry "ITA"]
[SourceTitle "playchess.com"]
[Source "ChessBase"]
[SourceQuality "1"]
[TimeControl "6000+30"]

1. e4 e5 2. Nf3 Nc6 3. Bb5 a6 4. Ba4 Nf6 5. O-O Be7 6. Re1 b5 7. Bb3 d6 8. c3 O-O 9. h3 Nb8 10. d4 Nbd7 11. a4 Bb7 12. Nbd2 c5 13. d5 c4 14. Bc2 Re8 15. Nf1 Bf8 16. Ng3 g6 17. Nh2 Nc5 18. Bg5 h6 19. Be3 h5 20. Bg5 Be7 21. f4 h4 22. Ngf1 Nh5 23. Bxe7 Qxe7 24. f5 Qg5 25. Nf3 Qf4 26. N1h2 gxf5 27. exf5 e4 28. Nd4 Ng3 29. Qg4+ Qxg4 30. Nxg4 Kg7 31. Ne3 Nd3 32. Reb1 Rab8 33. axb5 axb5 34. Nxb5 Red8 35. Nd4 Ne5 36. b4 cxb3 37. Rxb3 Ba8 38. Rxb8 Rxb8 39. Ra6 Rc8 40. Nb5 Rc5 41. Nxd6 Rxc3 42. f6+ Kh6 43. Nef5+ Nxf5 44. Nxf5+ Kg5 45. Bxe4 Bxd5 46. Bxd5 Kxf5 47. Ra4 Rc5 48. Ba2 Kg5 49. Kh2 1/2-1/2

[Event "13th Palmanova Festival A 2024"]
[Site "Palmanova"]
[Date "2024.12.28"]
[Round "2.14"]
[White "Mazzini, Mauro"]
[Black "Savanovic, Aleksandar"]
[Result "0-1"]
[ECO "C56"]
[WhiteElo "2069"]
[BlackElo "2354"]
[Annotator "RC"]
[PlyCount "40"]
[EventDate "2024.12.27"]
[EventCountry "ITA"]
[SourceTitle "playchess.com"]
[Source "ChessBase"]
[SourceQuality "1"]
[TimeControl "6000+30"]

1. e4 e5 2. Nf3 Nc6 3. d4 exd4 4. Bc4 Nf6 5. e5 d5 6. Bb5 Ne4 7. Nxd4 Bd7 8. Bxc6 bxc6 9. O-O Bc5 10. f3 Ng5 11. f4 Ne6 12. c3 f5 13. Be3 O-O 14. b4 Bxd4 15. Bxd4 Qe7 16. Be3 a5 17. a3 axb4 18. cxb4 c5 19. bxc5 d4 20. Bxd4 Ba4 0-1